 Dungeon Crawl Stone Soup version 0.29-a0-885-gb26ba3297d (webtiles) character file.

Game seed: 3860836402937398536

864 kevlar127 the Ruffian (level 7, -3/91 (106) HPs)
             Began as a Troll Berserker on July 20, 2022.
             Was a Believer of Trog.
             Slain by a wight
             ... wielding a +0 trident
              (8 damage)
             ... on level 6 of the Dungeon.
             The game lasted 00:06:52 (6054 turns).

kevlar127 the Ruffian (Troll Berserker)             Turns: 6054, Time: 00:06:53

HP:   -3/91 (106)   AC:  4    Str: 28    XL:     7   Next: 72%
MP:   6/6           EV: 10    Int:  3    God:    Trog [**....]
Gold: 188           SH:  0    Dex: 15    Spells: 6/6 levels left

rFire   . . .      SeeInvis .     - Unarmed
rCold   . . .      Faith    .   (no shield)
rNeg    . . .      Spirit   .   a - +0 animal skin
rPois   .          Reflect  .   (helmet restricted)
rElec   .          Harm     .   (no cloak)
rCorr   .          Rampage  .   (gloves unavailable)
Will    .....                   (boots unavailable)
Stlth   ..........              (no amulet)
HPRegen 1.05/turn               f - +6 ring of dexterity
MPRegen 0.10/turn               (no ring)

@: berserking, heavily drained, very quick
A: large, unfitting armour, claws 3, regeneration 1, shaggy fur 1, tough skin 1
a: Renounce Religion, Berserk, Trog's Hand


You were on level 6 of the Dungeon.
You worshipped Trog.
Trog was pleased with you.
You visited 1 branch of the dungeon, and saw 6 of its levels.

You collected 278 gold pieces.
You spent 90 gold pieces at shops.

Inventory:

Missiles
 m - 34 stones (quivered)
 s - 13 poisoned darts
 v - 6 silver boomerangs
 y - 3 boomerangs
Armour
 a - a +0 animal skin (worn)
 u - a +0 kite shield
Jewellery
 f - a +6 ring of dexterity (left claw)
Wands
 n - a wand of polymorph (12)
 A - a wand of flame (20)
Scrolls
 d - 2 scrolls of summoning {unknown}
 e - 2 scrolls of magic mapping {unknown}
 g - a scroll of enchant armour {unknown}
 h - 7 scrolls of identify {unknown}
 i - 2 scrolls of amnesia {unknown}
 l - a scroll of blinking {unknown}
 o - a scroll of fear {unknown}
 p - 2 scrolls of teleportation {unknown}
 r - a scroll of enchant weapon {unknown}
 t - 2 scrolls of immolation {unknown}
 w - 2 scrolls of noise {unknown}
 x - a scroll of vulnerability {unknown}
Potions
 b - 5 potions of lignification {unknown}
 c - 2 potions of attraction {unknown}
 j - 4 potions of curing {unknown}
 k - 2 potions of haste {unknown}
 q - a potion of mutation {unknown}
 z - a potion of flight {unknown}


   Skills:
 + Level 4.9 Fighting
 - Level 3.0 Dodging
 + Level 3.8 Shields
 + Level 5.9 Unarmed Combat


You had 6 spell levels left.
You didn't know any spells.
Your spell library was empty.

Dungeon Overview and Level Annotations

Branches:
Dungeon (6/15)             Temple (0/1) D:5

Altars:
Gozag
Okawaru
Uskayaw

Shops:
D:3 [!   D:6 ?


Innate Abilities, Weirdness & Mutations

You are too large for most types of armour.
You have claws for hands.
Your natural rate of healing is unusually fast.
You are covered in fur. (AC +1)
You have tough skin. (AC +1)


Message History

You are too injured to fight recklessly!
You are too injured to fight recklessly!
You are too injured to fight recklessly!
You are too injured to fight recklessly!
You are too injured to fight recklessly!
You are too injured to fight recklessly!
You are too injured to fight recklessly!
You are too injured to fight recklessly!
You are too injured to fight recklessly!
You are too injured to fight recklessly!
You are too injured to fight recklessly!
You are too injured to fight recklessly!
You are too injured to fight recklessly!
You are too injured to fight recklessly!
You are too injured to fight recklessly!
You are too injured to fight recklessly!
You are too injured to fight recklessly!
You are too injured to fight recklessly!
Unknown command.
A red film seems to cover your vision as you go berserk!
You feel yourself moving faster!
You feel mighty! The wight hits you with a +0 scimitar!
* * * LOW HITPOINT WARNING * * *
You feel drained.
* * * LOW HITPOINT WARNING * * *
The wight hits you with a +0 war axe!
* * * LOW HITPOINT WARNING * * *
You feel drained.
* * * LOW HITPOINT WARNING * * *
The wight hits you from afar with a +0 trident.
* * * LOW HITPOINT WARNING * * *
You feel drained.
* * * LOW HITPOINT WARNING * * *
You claw the wight!
The wight is severely damaged.
You completely miss the wight.
The wight is severely damaged.
The wight barely misses you. The wight closely misses you.
The wight hits you from afar with a +0 trident!
You die...

#.....########
#.....##.....#
#........##..#
#.......###... #
######.....#....∩.. #.
....##..........##
####.####..#......##..##
.......)..........##...#
.....z.@..##........#...
......zz.......###......
.<........##...# #...##.
...z...[.>.#.#.# #.#. ##
...............# #.##
........................
..............##...##...
...........).........#..
.. ......#..........


You could see 4 wights.

Vanquished Creatures
  A water moccasin (D:4)
  An ogre (D:5)
  2 phantoms (D:5)
  A gnoll sergeant (D:6)
  A scorpion (D:5)
  A necrophage (D:4)
  A wight (D:6)
  A jelly (D:4)
  3 iguanas
  3 gnolls (D:6)
  5 adders
  A shadow imp (D:6)
  2 ufetubi (D:5)
  A worm (D:3)
  2 dart slugs
  7 orcs
  7 bats
  7 endoplasms
  2 giant cockroaches
  6 goblins
  8 hobgoblins
  4 jackals (D:4)
  4 quokkas
  9 ball pythons
  4 frilled lizards
  3 kobolds
  3 rats (D:1)
90 creatures vanquished.

Notes
Turn   | Place    | Note
-------+----------+-------------------------------------------
     0 | D:1      | kevlar127 the Troll Berserker began the quest for the Orb.
     0 | D:1      | Reached XP level 1. HP: 22/22 MP: 0/0
   173 | D:1      | Reached XP level 2. HP: 28/29 MP: 1/1
  1188 | D:2      | Reached XP level 3. HP: 29/36 MP: 2/2
  1505 | D:2      | Found an iron altar of Okawaru.
  1643 | D:2      | Reached ** piety under Trog
  1918 | D:3      | Found Jamaull's Antique Armour Emporium.
  1962 | D:3      | Found a faded altar of an unknown god.
  2037 | D:3      | Found Jiohuica's Distillery.
  2263 | D:3      | Reached XP level 4. HP: 44/45 MP: 3/3
  2438 | D:3      | Found a faded altar of an unknown god.
  2442 | D:3      | Found a hide-covered altar of Uskayaw.
  2477 | D:3      | Bought a kite shield for 90 gold pieces
  2584 | D:4      | Reached skill level 4 in Unarmed Combat
  2642 | D:4      | Found an opulent altar of Gozag.
  2675 | D:4      | Reached skill level 1 in Shields
  2735 | D:4      | Noticed a water moccasin
  2745 | D:4      | Killed a water moccasin
  2746 | D:4      | Reached XP level 5. HP: 26/54 MP: 4/4
  3608 | D:4      | Reached XP level 6. HP: 55/62 MP: 5/5
  3727 | D:4      | Reached *** piety under Trog
  3881 | D:5      | Entered Level 5 of the Dungeon
  3910 | D:5      | Found a staircase to the Ecumenical Temple.
  3919 | D:5      | Reached skill level 5 in Unarmed Combat
  4398 | D:5      | Reached XP level 7. HP: 63/71 MP: 6/6
  6023 | D:6      | Found Pobyrasi's Magic Scroll Shop.
  6052 | D:6      | HP: 4/91 [wight/+0 trident (1)]
  6054 | D:6      | Slain by a wight

Illustrated notes

Levels and vault maps discovered:
D:1:      erik_arrival_cave_to_civilisation [erik_arrival_cave_to_hall],
          layout_basic
D:2:      layout_basic, basic_altar
D:3:      layout_loops_ring, nicolae_overflow_ecumenical_swirl, serial_shops,
          shop, shop, hellmonk_ecumenical_altar_run_dry, palyth_stone_intersect
D:4:      layout_loops_ring, grunt_gozag_breadcrumbs, hangedman_decor_growths,
          nicolae_elevator_lobby_plus
D:5:      layout_cave_pods, minmay_temple_entry_overgrown,
          nicolae_fountain_basement
D:6:      layout_rooms, lemuel_blue_sif_altar, serial_shops,
          nicolae_square_shop, uniq_sigmund, uniq_maggie

Skill      XL: |  1  2  3  4  5  6 |
---------------+-------------------+-----
Fighting       | 3 4 |  4.9
Dodging        | 3 |  3.0
Unarmed Combat | 4 5 |  5.9
Shields        | 1 2 3 |  3.8

Action                   |  1- 3 |  4- 6 |  7- 9 || total
-------------------------+-------+-------+-------++-------
Melee: Unarmed           |   111 |    95 |    49 ||   255
       Punch             |     1 |     2 |     3 ||     6
Invok: Berserk           |       |     1 |     3 ||     4
 Stab: Sleeping          |     1 |     1 |       ||     2
Armor: Animal skin       |    31 |    32 |    15 ||    78
Dodge: Dodged            |    67 |    52 |    29 ||   148

Table legend: (Time is in decaauts)
 A = Elapsed time spent in this place.
 B = Non-inter-level travel time spent in this place.
 C = Inter-level travel time spent in this place.
 D = Time resting spent in this place.
 E = Time spent auto-exploring this place.
 F = Levels seen in this place.
 G = Mean time per level.
                   A        B        C        D        E       F      G
               +--------+--------+--------+--------+--------+-----+--------+
         Total |   6056 |   5870 |    186 |   2063 |   3262 |   6 | 1009.3 |
       Dungeon |   6056 |   5870 |    186 |   2063 |   3262 |   6 | 1009.3 |
               +--------+--------+--------+--------+--------+-----+--------+

Top non-repeatable levels by time:
     D:5: 1703 daAuts
     D:4: 1393 daAuts
     D:1: 1165 daAuts
     D:2: 662 daAuts
     D:3: 648 daAuts
     D:6: 483 daAuts
